 Dungeon Crawl Stone Soup version 0.28-a0-1624-g820543e53a (webtiles) character file.

Game seed: 13902993854245348091

189 mcsnuffy the Conjurer (level 5, 0/32 HPs)
             Began as a Deep Elf Conjurer on Jan 23, 2022.
             Slain by an orc priest (7 damage)
             ... on level 3 of the Dungeon.
             The game lasted 00:07:19 (3101 turns).

mcsnuffy the Conjurer (Deep Elf Conjurer)           Turns: 3101, Time: 00:07:20

Health: 0/32       AC:  2    Str:  4    XL:     5   Next: 40%
Magic:  0/11       EV: 12    Int: 25    God:
Gold:   108        SH:  0    Dex: 13    Spells: 7/10 levels left

rFire   . . .      SeeInvis .   (no weapon)
rCold   . . .      Faith    .   (no shield)
rNeg    . . .      Spirit   .   a - +0 robe
rPois   .          Reflect  .   (no helmet)
rElec   .          Harm     .   (no cloak)
rCorr   .          Rampage  .   (no gloves)
Will    .....                   (no boots)
Stlth   ++........              (no amulet)
HPRegen 0.10/turn               (no ring)
MPRegen 0.12/turn               (no ring)

@: no status effects
A: no striking features
a: no special abilities


You were on level 3 of the Dungeon.
You visited 1 branch of the dungeon, and saw 3 of its levels.

You collected 108 gold pieces.


   Skills:
 - Level 3.0 Fighting
 - Level 2.4 Dodging
 + Level 2.6 Stealth
 - Level 3.0 Spellcasting
 - Level 6.0 Conjurations


You had 7 spell levels left.
You knew the following spells:

 Your Spells              Type           Power      Damage    Failure   Level
m - Magic Dart            Conj           100%       1d8       1%          1
s - Searing Ray           Conj           66%        2d6       1%          2

Your spell library contained the following spells:

 Spells                   Type           Power      Damage    Failure   Level
 Dazzling Flash           Conj/Hex       36%        N/A       9%          3
 Mephitic Cloud           Conj/Pois/Air  13%        N/A       13%         3
 Call Imp                 Summ           3%         N/A       16%         2
 Fulminant Prism          Conj/Hex       9%         3d7       28%         4
 Iskenderun's Mystic Bla  Conj/Tloc      18%        2d6       28%         4

Inventory:

Armour
 a - a +0 robe (worn)
 b - a +0 leather armour
Scrolls
 g - a scroll of immolation {unknown}
 h - a scroll of blinking
 i - a scroll of identify {unknown}
 j - a scroll of enchant weapon {unknown}
Potions
 c - 2 potions of curing {unknown}
 d - a potion of ambrosia {unknown}
 e - a potion of heal wounds {unknown}
 f - a potion of magic {unknown}

Dungeon Overview and Level Annotations

Branches:
Dungeon (3/15)

Altars:

# .# ... ...# ...#
#######...#
#..@oo...#
#.######.# #.# #.#
#.#####.######.##
#...............##
#######..##......###
#............
##.##.##..###
#.##.....#


You could see an orc priest and an orc.


Message History

Press: ? - help, Shift-Dir - straight line, f/p - orc priest
Aim: an orc priest, wielding a +0 falchion and wearing a +0 scale mail (severely wounded, 100% to hit)
The magic dart hits the orc priest but does no damage.
The orc priest is severely wounded.
The orc priest hits you with a +0 falchion.
Casting: Magic Dart (safe; 1% risk of failure)
Confirm with . or Enter, or press ? or * to list all spells.
Aiming: Magic Dart (safe; 1% risk of failure)
Press: ? - help, Shift-Dir - straight line, f/p - orc priest
Aim: an orc priest, wielding a +0 falchion and wearing a +0 scale mail (severely wounded, 100% to hit)
The magic dart hits the orc priest.
The orc priest is almost dead.
The orc priest misses you.
Casting: Magic Dart (safe; 1% risk of failure)
Confirm with . or Enter, or press ? or * to list all spells.
Aiming: Magic Dart (safe; 1% risk of failure)
Press: ? - help, Shift-Dir - straight line, f/p - orc priest
Aim: an orc priest, wielding a +0 falchion and wearing a +0 scale mail (almost dead, 100% to hit)
The magic dart hits the orc priest.
The orc priest is almost dead.
The orc priest hits you with a +0 falchion!
* * * LOW HITPOINT WARNING * * *
You hit the orc priest but do no damage.
The orc priest is almost dead.
The orc priest hits you with a +0 falchion.
* * * LOW HITPOINT WARNING * * *
You hit the orc priest but do no damage.
The orc priest is almost dead.
The orc priest hits you with a +0 falchion!
You die...

Skill      XL: |  1  2  3  4  5 |
---------------+----------------+-----
Conjurations   | 5 6 |  6.0
Fighting       | 2 3 |  3.0
Dodging        | |  2.4
Stealth        | |  2.6
Spellcasting   | |  3.0

Action                   |  1- 3 |  4- 6 || total
-------------------------+-------+-------++-------
Melee: Unarmed           |       |     2 ||     2
 Cast: Magic Dart        |    72 |    71 ||   143
  Use: Scroll            |       |     1 ||     1
Armor: Robe              |       |     1 ||     1
Dodge: Dodged            |     3 |     8 ||    11

Levels and vault maps discovered:
D:1:      elethiomel_arrival_quiet, layout_basic, minmay_misc_feat_tower
D:2:      layout_basic, ebering_ecumenical_altar_webs, minmay_increasing_density
D:3:      layout_loops_corners, tgw_xom, uniq_natasha, uniq_ijyb

Notes
Turn   | Place    | Note
-------+----------+-------------------------------------------
     0 | D:1      | mcsnuffy the Deep Elf Conjurer began the quest for the Orb.
     0 | D:1      | Reached XP level 1. HP: 10/10 MP: 6/6
   207 | D:1      | Reached XP level 2. HP: 15/15 MP: 5/8
   208 | D:1      | Reached skill level 5 in Conjurations
   603 | D:1      | Reached XP level 3. HP: 19/19 MP: 6/9
  1132 | D:2      | Found a faded altar of an unknown god.
  1376 | D:2      | Reached skill level 6 in Conjurations
  1530 | D:2      | Reached XP level 4. HP: 24/24 MP: 5/10
  1588 | D:2      | Upgraded the game from 0.28-a0-1616-g050a50673c to
                  | 0.28-a0-1624-g820543e53a
  1591 | D:2      | Learned a level 2 spell: Searing Ray
  1917 | D:2      | Reached skill level 1 in Fighting
  2393 | D:3      | Reached skill level 2 in Fighting
  2614 | D:3      | Noticed Natasha
  2620 | D:3      | Killed Natasha
  2621 | D:3      | Reached XP level 5. HP: 25/31 MP: 4/11
  3028 | D:3      | Noticed Natasha
  3034 | D:3      | Killed Natasha
  3035 | D:3      | Reached skill level 3 in Fighting
  3101 | D:3      | Slain by an orc priest

Vanquished Creatures
  A water moccasin skeleton (D:3)
  Natasha (twice) (D:3)
  2 adders (D:2)
  A worm (D:3)
  5 dart slugs
  10 endoplasms
  3 giant cockroaches
  9 goblins
  2 hobgoblins
  3 kobolds
  3 quokkas
  6 ball pythons
  5 bats
  2 frilled lizards
  A jackal skeleton (D:2)
  5 rats
60 creatures vanquished.

Table legend: (Time is in decaauts)
 A = Elapsed time spent in this place.
 B = Non-inter-level travel time spent in this place.
 C = Inter-level travel time spent in this place.
 D = Time resting spent in this place.
 E = Time spent auto-exploring this place.
 F = Levels seen in this place.
 G = Mean time per level.
                   A        B        C        D        E       F      G
               +--------+--------+--------+--------+--------+-----+--------+
         Total |   3100 |   3067 |     33 |    327 |   2459 |   3 | 1033.3 |
       Dungeon |   3100 |   3067 |     33 |    327 |   2459 |   3 | 1033.3 |
               +--------+--------+--------+--------+--------+-----+--------+

Top non-repeatable levels by time:
     D:1: 1124 daAuts
     D:3: 1022 daAuts
     D:2: 953 daAuts

Table legend:
 A = Non-vault XP
 B = Vault XP
 C = Vault XP percentage of total XP
 D = Non-vault monster count
 E = Vault monster count
 F = Vault count percentage of total count
                 A         B        C        D         E       F
            +---------+---------+-------+---------+---------+-------
      Total |     214 |      57 |  21.0 |      53 |       7 |  11.7
            +---------+---------+-------+---------+---------+-------
        D:1 |      52 |       0 |   0.0 |      28 |       0 |   0.0
        D:2 |      28 |      22 |  44.0 |      10 |       6 |  37.5
        D:3 |     134 |      35 |  20.7 |      15 |       1 |   6.2
            +---------+---------+-------+---------+---------+-------
